 Dungeon Crawl Stone Soup version 0.31-a0-819-gf6de2f5ab6 (webtiles) character file.

Game seed: 16143728951883223530

369 qw the Shooter (level 6, -1/39 HPs)
             Began as a Gargoyle Hunter on Sept 23, 2023.
             Was an Initiate of Okawaru.
             Slain by a gnoll
             ... wielding a +0 halberd
             ... led by a gnoll sergeant
              (4 damage)
             ... on level 4 of the Dungeon.
             The game lasted 00:00:59 (2331 turns).

qw the Shooter (Gargoyle Hunter)                    Turns: 2331, Time: 00:00:59

Health: -1/39      AC: 11    Str: 14    XL:     6   Next: 70%
Magic:  6/6        EV: 11    Int: 10    God:    Okawaru [......]
Gold:   216        SH:  0    Dex: 21    Spells: 5/5 levels left

rFire   . . .        Y - +2 shortbow
rCold   . . .        (shield currently unavailable)
rNeg    + . .        e - +0 ring mail
rPois   inf          c - +0 helmet
rElec   +            (no cloak)
rCorr   .            (no gloves)
SInv    .            b - +0 pair of boots
Will    .....        (no amulet)
Stlth   +            i - +6 ring of dexterity
HPRegen 0.26/turn    (no ring)
MPRegen 0.10/turn

%: no passive effects
@: no status effects
A: sickness immunity, AC +4, negative energy resistance 1, electricity
resistance, torment resistance 1, petrification resistance
a: Renounce Religion


You were on level 4 of the Dungeon.
You worshipped Okawaru.
Okawaru was noncommittal.
You visited 1 branch of the dungeon, and saw 4 of its levels.

You collected 216 gold pieces.


Innate Abilities, Weirdness & Mutations

You are immune to sickness and miasma.
Your stone body is resilient. (AC +4)
You are immune to poison.
You resist negative energy. (rN+)
You are resistant to electric shocks. (rElec)
You are resistant to unholy torment.
You are immune to petrification.


   Skills:
 - Level 4.5 Fighting
 + Level 6.7 Ranged Weapons
 - Level 1.0 Armour
 - Level 1.5 Dodging
 - Level 1.1 Stealth


You had 5 spell levels left.
You didn't know any spells.
Your spell library was empty.

Inventory:

Hand Weapons
 Y - a +2 shortbow (weapon)
Armour
 b - a +0 pair of boots (worn)
 c - a +0 helmet (worn)
 e - a +0 ring mail (worn)
Jewellery
 g - a ring of see invisible
 i - a +6 ring of dexterity (left hand)
Scrolls
 a - a scroll of identify
Potions
 d - a potion of invisibility {unknown}
 f - a potion of curing {unknown}
 h - a potion of brilliance {unknown}

Dungeon Overview and Level Annotations

Branches:
Dungeon (4/15)
 Temple: D:4-7

Altars:
Fedhas
Gozag
Makhleb
Nemelex Xobeh
Okawaru
Yredelemnul
The Shining One


Message History

The gnoll barely misses you.
The gnoll sergeant hits you from afar with a +0 trident.
You shoot an arrow.
The arrow completely misses the gnoll sergeant.
The gnoll hits you from afar with a +0 spear.
The gnoll sergeant closely misses you.
2324 ||| DRINKING potion of heal wounds.
You feel much better.
The gnoll hits you from afar with a +0 spear.
The gnoll sergeant barely misses you.
You shoot an arrow.
The arrow barely misses the gnoll sergeant.
The gnoll hits you but does no damage.
The gnoll sergeant hits you from afar with a +0 trident.
You shoot an arrow. The arrow hits the gnoll sergeant.
The gnoll sergeant is almost dead.
The gnoll hits you but does no damage.
The gnoll sergeant completely misses you.
The gnoll sergeant hits you from afar with a +0 trident.
The gnoll hits you from afar with a +0 spear.
You shoot an arrow. The arrow hits the gnoll sergeant!
You kill the gnoll sergeant!
Okawaru accepts your kill. The gnoll closely misses you.
You shoot an arrow. The arrow closely misses the gnoll.
The gnoll hits you from afar with a +0 spear.
The gnoll barely misses you.
You shoot an arrow. The arrow hits the gnoll.
The gnoll is almost dead.
The gnoll closely misses you.
The gnoll hits you from afar with a +0 halberd!
You shoot an arrow.
The arrow hits the gnoll but does no damage.
The gnoll is almost dead.
The gnoll hits you but does no damage.
The gnoll hits you from afar with a +0 halberd.
You shoot an arrow. The arrow barely misses the gnoll.
The gnoll hits you but does no damage.
The gnoll hits you from afar with a +0 halberd.
You die...

#...._...###.....#
#................##
#......####.......#
#....>.# #.##.##.#
#..<...# #.##.##.#
#.........#....##.#
#########.#..####>#
#..####.# #.g%@...#
.....#g######
#.#..#. #g #. #####
g. ##...### ##
##########.......
#...)...........#
#.########.......


You could see 2 gnolls.

Vanquished Creatures
  A sky beast (D:4)
  A gnoll sergeant (D:4)
  A howler monkey (D:3)
  A hound (D:4)
  An orc wizard (D:3)
  4 adders
  2 worms
  2 dart slugs
  9 orcs
  5 bats
  5 endoplasms
  5 giant cockroaches
  11 goblins
  3 hobgoblins
  3 jackals (D:3)
  4 kobolds
  5 quokkas
  8 ball pythons
  2 frilled lizards
  A rat (D:2)
74 creatures vanquished.

Notes
Turn   | Place    | Note
-------+----------+-------------------------------------------
     0 | D:1      | qw the Gargoyle Hunter began the quest for the Orb.
     0 | D:1      | Reached XP level 1. HP: 12/12 MP: 1/1
     0 | D:1      | 0 ||| qw: Version: 0.3-a-83-gcd0e7d8
     0 | D:1      | 0 ||| qw: Game counter: 1578
     0 | D:1      | 0 ||| qw: Melee chars always use a shield: true
     0 | D:1      | 0 ||| qw: God list: Okawaru
     0 | D:1      | 0 ||| qw: Allow faded altars: false
     0 | D:1      | 0 ||| qw: Do Orc after clearing Dungeon:15 true
     0 | D:1      | 0 ||| qw: Do second Lair branch before Depths: true
     0 | D:1      | 0 ||| qw: Lair rune preference: random
     0 | D:1      | 0 ||| qw: Goals: Normal
     0 | D:1      | 0 ||| PLANNING D:1-11
   199 | D:1      | Reached XP level 2. HP: 17/17 MP: 2/2
   621 | D:1      | 621 ||| UPGRADING to +0 ring mail.
   631 | D:1      | 631 ||| DROPPING +0 leather armour.
   632 | D:1      | 632 ||| DROPPING scarf of invisibility.
   633 | D:1      | 633 ||| UPGRADING to +6 ring of dexterity.
   634 | D:1      | 634 ||| READING scroll labelled HYNECU NULAO.
   635 | D:1      | 635 ||| READING scroll labelled JIYMONI HYOCK.
   636 | D:1      | 636 ||| READING scroll labelled LABBEKO JIORRISKI.
   637 | D:1      | 637 ||| DROPPING scroll of butterflies.
   712 | D:2      | Reached skill level 1 in Armour
   771 | D:2      | Reached XP level 3. HP: 21/21 MP: 3/3
   891 | D:2      | Reached skill level 5 in Ranged Weapons
  1202 | D:2      | 1202 ||| READING scroll labelled ADENUN FUDGHEWA.
  1203 | D:2      | 1203 ||| READING 2 scrolls of identify.
  1203 | D:2      | 1203 ||| IDENTIFYING glowing puce potion
  1204 | D:2      | 1204 ||| DROPPING potion of lignification.
  1302 | D:3      | You fall into a shaft and drop 1 floor!
  1316 | D:4      | Noticed a sky beast
  1329 | D:4      | Killed a sky beast
  1330 | D:4      | Reached XP level 4. HP: 21/30 MP: 4/4
  1330 | D:4      | Reached XP level 5. HP: 24/34 MP: 5/5
  1508 | D:4      | 1508 ||| UPGRADING to +0 pair of boots.
  1513 | D:4      | 1513 ||| UPGRADING to +0 helmet.
  1518 | D:4      | 1518 ||| READING scroll labelled COOSTI OSOIGO.
  1681 | D:3      | 1681 ||| READING scroll of enchant weapon.
  1681 | D:3      | 1681 ||| ENCHANTING +1 shortbow.
  1765 | D:3      | Found a faded altar of an unknown god.
  1935 | D:3      | 1935 ||| Stepping ~*~*~tactically~*~*~ (retreating).
  1938 | D:3      | Reached XP level 6. HP: 33/39 MP: 6/6
  1953 | D:3      | Reached skill level 6 in Ranged Weapons
  2227 | D:3      | 2227 ||| READING scroll labelled TIOGGI HISSOSM.
  2228 | D:3      | 2228 ||| DRINKING 2 blue potions.
  2257 | D:4      | Found a burning altar of Makhleb.
  2257 | D:4      | Found a basalt altar of Yredelemnul.
  2257 | D:4      | Found a glowing golden altar of the Shining One.
  2257 | D:4      | Found an opulent altar of Gozag.
  2264 | D:4      | Found an iron altar of Okawaru.
  2264 | D:4      | Found a sparkling altar of Nemelex Xobeh.
  2265 | D:4      | 2265 ||| PLANNING OKAWARU WORSHIP
  2265 | D:4      | Found a blossoming altar of Fedhas.
  2277 | D:4      | Became a worshipper of Warmaster Okawaru
  2278 | D:4      | 2278 ||| PLANNING D:1-11
  2314 | D:4      | 2314 ||| Stepping ~*~*~tactically~*~*~ (retreating).
  2323 | D:4      | HP: 9/39 [gnoll/+0 spear[a gnoll sergeant] (1)]
  2324 | D:4      | 2324 ||| DRINKING potion of heal wounds.
  2329 | D:4      | HP: 8/39 [gnoll/+0 halberd[a gnoll sergeant] (11)]
  2330 | D:4      | HP: 3/39 [gnoll/+0 halberd[a gnoll sergeant] (6)]
  2331 | D:4      | Slain by a gnoll

Levels and vault maps discovered:
D:1:      nzn_arrival_depleted_hourglass, layout_basic, minmay_bisected
D:2:      layout_loops_ring, chequers_serial_rivers_marsh
D:3:      layout_basic, ebering_ecumenical_altar_mist
D:4:      layout_loops_cross, grunt_temple_overflow_open, serial_shops,
          shop_fountains, chequers_serial_rivers_large_a,
          mrwooster_statue_mirror

Skill      XL: |  1  2  3  4  5  6 |
---------------+-------------------+-----
Armour         | 1 |  1.0
Ranged Weapons | 5 6 |  6.7
Fighting       | 4 |  4.5
Dodging        | |  1.5
Stealth        | |  1.1

Action                     |  1- 3 |  4- 6 || total
---------------------------+-------+-------++-------
   Fire: Shortbow          |   124 |   115 ||   239
    Use: Scroll            |     5 |     3 ||     8
         Potion            |       |     2 ||     2
 Armour: Leather armour    |    10 |       ||    10
         Ring mail         |    22 |    81 ||   103
  Dodge: Dodged            |    30 |    49 ||    79

Table legend:
 A = Non-vault XP
 B = Vault XP
 C = Vault XP percentage of total XP
 D = Non-vault monster count
 E = Vault monster count
 F = Vault count percentage of total count
                 A         B        C        D         E       F
            +---------+---------+-------+---------+---------+-------
      Total |     522 |       6 |   1.1 |      70 |       4 |   5.4
            +---------+---------+-------+---------+---------+-------
        D:1 |      18 |       6 |  25.0 |      10 |       4 |  28.6
        D:2 |      42 |       0 |   0.0 |      22 |       0 |   0.0
        D:3 |     174 |       0 |   0.0 |      29 |       0 |   0.0
        D:4 |     288 |       0 |   0.0 |       9 |       0 |   0.0
            +---------+---------+-------+---------+---------+-------
